Map: Ley Lines

Players

SHIN - Winner!

  • Race: Zerg Zerg
  • Spawn Location: 1:00

FalconsSolar (Solar)

  • Race: Zerg Zerg
  • Spawn Location: 7:00

Event: DreamHack Dallas 2025

VOD

Have the link to the VOD?

Description

Time

  • Played on: May 25, 2025, 2:13 p.m.
  • Length: 8:12

All games in this series

Show
View Real Time Build Order
Export as new Build Order

SHIN Zerg - Winner!

Build Orders: Pool First 

Get SALT Encoding   

  12  0:00  Drone  
  13  0:07  Drone  
  14  0:16  Overlord  
  14  0:34  Drone x3  
  17  0:40  Extractor  
  16  0:45  Drone  
  16  0:49  Spawning Pool  
  16  0:56  Drone  
  17  1:07  Drone  
  18  1:15  Hatchery  
  17  1:19  Drone  
  18  1:35  Zergling x2  
  18  1:36  Queen  
  18  1:39  Zergling x2  
  22  1:45  Metabolic Boost  
  22  2:04  Hatchery  
  21  2:09  Overlord  
  21  2:20  Zergling x2  
  22  2:29  Zergling x6  
  25  2:33  Zergling x2  
  26  2:38  Zergling x2  
  27  2:44  Zergling x6  
  27  2:46  Zergling x2  
  27  2:50  Overlord  
  31  2:58  Zergling x2  
  32  3:00  Zergling x2  
  32  3:08  Zergling x2  
  32  3:10  Zergling x2  
  34  3:15  Zergling x6  
  34  3:16  Zergling x2  
  38  3:24  Zergling x4  
  39  3:27  Zergling x2  
  39  3:32  Zergling x2  
  37  3:35  Drone  
  37  3:39  Drone  
  37  3:41  Drone  
  39  3:47  Queen  
  41  3:51  Drone  
  41  3:54  Drone  
  40  3:57  Drone  
  40  4:00  Drone  
  36  4:03  Drone  
  36  4:06  Drone  
  36  4:07  Drone  
  36  4:10  Drone  
  36  4:13  Drone  
  35  4:19  Evolution Chamber  
  35  4:20  Drone  
  35  4:21  Drone  
  37  4:25  Roach Warren  
  37  4:29  Drone  
  37  4:30  Drone  
  38  4:34  Drone x2  
  40  4:38  Drone x2  
  40  4:42  Overlord  
  42  4:51  Evolution Chamber  
  41  4:53  Overlord  
  41  4:57  Drone  
  41  4:58  Extractor  
  41  5:02  Evolution Chamber  
  41  5:06  Roach x4  
  48  5:07  Drone  
  48  5:08  Drone  
  49  5:14  Lair  
  49  5:15  Drone  
  49  5:17  Drone  
  49  5:20  Drone x3  
  54  5:22  Drone  
  54  5:26  Extractor  
  54  5:28  Zerg Missile Weapons Level 1  
  54  5:32  Overlord  
  54  5:34  Drone  
  54  5:35  Roach  
  57  5:38  Overlord  
  57  5:42  Overlord  
  57  5:46  Roach  
  57  5:47  Roach  
  61  5:51  Roach x2  
  61  5:55  Roach  
  61  5:56  Roach x2  
  69  6:00  Roach  
  69  6:02  Roach  
  73  6:12  Ravager  
  73  6:13  Drone x4  
  73  6:15  Glial Reconstitution  
  73  6:16  Extractor  
  76  6:19  Overlord x2  
  76  6:20  Roach  
  78  6:30  Hatchery  
  77  6:34  Overseer  
  77  6:36  Roach x2  
  77  6:38  Roach  
  83  6:43  Roach x2  
  87  6:49  Roach x2  
  87  6:53  Roach x2  
  95  6:58  Overlord  
  95  7:01  Roach x2  
  95  7:07  Overlord  
  99  7:10  Roach x2  
  103  7:17  Roach x3  
  109  7:26  Roach x4  
  117  7:35  Ravager  
  118  7:38  Roach x2  
  118  7:42  Roach x3  
  126  7:45  Roach  
  126  7:48  Roach x2  
  126  7:50  Roach  
  124  7:51  Roach  
  118  8:08  Ravager  
Show
View Real Time Build Order
Export as new Build Order

FalconsSolar Zerg 

Build Orders: Hatch First 

Get SALT Encoding   

  12  0:00  Drone  
  13  0:07  Drone  
  13  0:14  Drone, Extractor  
  15  0:21  Overlord  
  15  0:39  Drone  
  16  0:45  Hatchery  
  16  0:48  Drone  
  16  0:51  Drone  
  16  0:55  Drone  
  18  1:05  Extractor  
  18  1:10  Spawning Pool  
  16  1:13  Drone  
  16  1:17  Drone  
  18  1:27  Drone  
  19  1:38  Drone  
  20  1:48  Drone  
  21  1:57  Queen x2  
  21  1:59  Zergling x2  
  21  2:00  Overlord  
  26  2:09  Drone x2  
  26  2:12  Metabolic Boost  
  28  2:19  Zergling x2  
  28  2:20  Zergling x2  
  30  2:29  Zergling x2  
  31  2:30  Drone  
  31  2:43  Drone  
  31  2:44  Overlord  
  32  2:48  Hatchery  
  32  2:50  Drone  
  32  2:52  Drone  
  33  3:03  Drone x2  
  35  3:09  Zergling x12  
  35  3:12  Queen  
  42  3:13  Baneling Nest  
  42  3:16  Zergling x2  
  44  3:20  Spine Crawler  
  44  3:23  Zergling x2  
  43  3:29  Zergling x2  
  39  3:34  Zergling x2  
  40  3:41  Zergling x2  
  40  3:44  Zergling x2  
  42  3:50  Overlord  
  42  3:51  Zergling x2  
  39  3:57  Zergling x2  
  39  4:00  Zergling x2  
  33  4:08  Zergling x2  
  32  4:12  Zergling x2  
  32  4:15  Baneling x2  
  33  4:19  Baneling x2  
  33  4:26  Zergling x2  
  33  4:28  Baneling  
  35  4:31  Zergling x2  
  35  4:32  Zergling x2  
  35  4:37  Zergling x2  
  37  4:41  Zergling x2  
  37  4:43  Zergling x4  
  40  4:46  Zergling x2  
  40  4:47  Baneling  
  41  4:55  Queen  
  41  4:58  Drone  
  44  5:00  Drone  
  44  5:03  Drone  
  44  5:05  Drone  
  47  5:09  Drone  
  47  5:13  Drone x2  
  50  5:18  Overlord  
  50  5:21  Drone  
  50  5:23  Drone  
  52  5:34  Hatchery  
  51  5:36  Drone  
  51  5:37  Drone  
  51  5:38  Drone  
  54  5:43  Roach Warren  
  54  5:45  Extractor  
  54  5:46  Drone  
  53  5:50  Drone x2  
  53  5:54  Overlord  
  55  5:57  Drone  
  55  6:00  Drone, Evolution Chamber  
  55  6:02  Drone  
  57  6:05  Drone  
  57  6:06  Drone  
  58  6:12  Overlord  
  58  6:16  Queen  
  60  6:24  Roach x3  
  66  6:32  Lair  
  65  6:36  Roach  
  65  6:38  Extractor, Roach  
  68  6:40  Roach  
  68  6:43  Roach  
  72  6:48  Drone x2  
  72  6:49  Drone  
  72  6:51  Drone  
  72  6:52  Roach  
  78  6:56  Overlord  
  78  6:58  Drone x2  
  78  6:59  Drone  
  81  7:03  Overlord  
  81  7:07  Overlord  
  81  7:12  Overlord  
  81  7:15  Roach x2  
  85  7:16  Roach  
  85  7:19  Roach  
  85  7:21  Roach  
  91  7:23  Roach  
  91  7:28  Roach x2  
  97  7:30  Roach  
  97  7:34  Roach  
  100  7:39  Roach x2  
  100  7:42  Roach  
  100  7:43  Roach  
  103  7:47  Roach  
  94  7:52  Roach  
Tags
 
Add a new tag
Caveats
  • Supply blocks, unpowered buildings, or Contaminate may cause inaccurate times.
  • Supply counts are checked every 10 seconds.